 Dungeon Crawl Stone Soup version 0.29-a0-340-g6efceafd81 (webtiles) character file.

Game seed: 3696621543353814810

51 siradein the Cutter (level 3, -11/20 HPs)
             Began as a Vine Stalker Berserker on Apr 19, 2022.
             Was a Believer of Trog.
             Killed by divine providence
             ... invoked by an orc priest
              (12 damage)
             ... on level 2 of the Dungeon.
             The game lasted 00:05:13 (1953 turns).

siradein the Cutter (Vine Stalker Berserker)        Turns: 1953, Time: 00:05:13

Health: -11/20     AC: 11    Str: 19    XL:     3   Next: 83%
Magic:  0/4        EV:  8    Int:  7    God:    Trog [**....]
Gold:   37         SH:  0    Dex: 15    Spells: 2/2 levels left

rFire   . . .      SeeInvis .   a - +0 short sword
rCold   . . .      Faith    .   (no shield)
rNeg    . . .      Spirit   +   i - +0 chain mail
rPois   .          Reflect  .   (no helmet)
rElec   .          Harm     .   b - +2 cloak
rCorr   .          Rampage  .   (no gloves)
Will    .....                   (no boots)
Stlth   ..........              (no amulet)
HPRegen 0.06/turn               (no ring)
MPRegen 0.09/turn               (no ring)

@: no status effects
A: fangs 2, magic shield, antimagic bite, no potion heal 2
a: Renounce Religion, Berserk, Trog's Hand


You were on level 2 of the Dungeon.
You worshipped Trog.
Trog was pleased with you.
You visited 1 branch of the dungeon, and saw 2 of its levels.

You collected 37 gold pieces.

Inventory:

Hand Weapons
 a - a +0 short sword (weapon)
Missiles
 h - 2 poisoned darts (quivered)
Armour
 b - a +2 cloak (worn)
 i - a +0 chain mail (worn)
Scrolls
 d - 3 scrolls of identify {unknown}
 e - a scroll of vulnerability {unknown}
 g - a scroll of fog {unknown}
Potions
 c - 3 potions of might {unknown}
 f - a potion of attraction {unknown}
 j - a potion of flight {unknown}


   Skills:
 + Level 3.1 Fighting
 + Level 3.1 Short Blades
 + Level 2.1 Armour
 + Level 2.1 Dodging


You had 2 spell levels left.
You didn't know any spells.
Your spell library was empty.

Dungeon Overview and Level Annotations

Branches:
Dungeon (2/15)

Altars:


Innate Abilities, Weirdness & Mutations

You have extremely sharp teeth.
When hurt, damage is shared between your health and your magic reserves.
Your bite disrupts and absorbs the magic of your enemies.
Potions cannot restore your health.


Message History

The adder hisses angrily.
You see here a hobgoblin corpse.
You barely miss the orc priest. Your bite misses the orc priest.
The orc priest calls down the wrath of Beogh upon you.
Beogh smites you!
Ouch! That really hurt!
The adder moves out of view.
You are too injured to fight recklessly!
You are too injured to fight recklessly!
You are too injured to fight recklessly!
You are too injured to fight recklessly!
You hit the orc priest.
You punch the orc priest, but do no damage.
The orc priest is moderately wounded.
The orc priest barely misses you.
You closely miss the orc priest.
The orc priest is moderately wounded.
The orc priest hits you with a +0 hand axe.
* * * LOW HITPOINT WARNING * * *
You barely miss the orc priest.
The orc priest is moderately wounded.
The orc priest barely misses you.
You barely miss the orc priest. You bite the orc priest. You drain its power.
You feel invigorated.
The orc priest is heavily wounded.
The orc priest looks encouraged for a moment.
You barely miss the orc priest. You bite the orc priest. You drain its power.
You feel invigorated.
The orc priest is heavily wounded.
An orc comes into view. It is wielding a +0 short sword.
The orc priest mumbles some strange prayers to Beogh against you.
Pain shoots through your body!
* * * LOW HITPOINT WARNING * * *
Found an escape hatch in the floor.
The orc attacks as you move away! The orc hits you with a +0 short sword.
The orc attacks as you move away! The orc closely misses you.
The orc priest mumbles some strange prayers to Beogh against you.
Beogh smites you!
Ouch! That really hurt!
You die...

##...## .....#
#.#..########..#
#.#..##P..b##...
.....# PP...#.## #
....##...P##...
####. ...########.##
......#####.# #...#
#...@.o..### #...#
#..#...S...######.##
....
#.###.o.....##.# .
#.##
#.###.#.###.##.#.# .
#.##.S..........#
#.##..#.##.....#.#
#.##.S#.##......#.
#...........##.###
###.#o####.###.#


You could see an orc priest, an adder and an orc.

Vanquished Creatures
  An adder (D:2)
  2 worms (D:2)
  A dart slug (D:1)
  An orc (D:2)
  5 ball pythons
  3 bats
  3 endoplasms
  2 giant cockroaches
  2 goblins (D:1)
  3 hobgoblins
  A frilled lizard (D:1)
  5 kobolds
  4 rats
33 creatures vanquished.

Notes
Turn   | Place    | Note
-------+----------+-------------------------------------------
     0 | D:1      | siradein the Vine Stalker Berserker began the quest for the
                  | Orb.
     0 | D:1      | Reached XP level 1. HP: 11/11 MP: 2/2
    83 | D:1      | Reached XP level 2. HP: 10/16 MP: 1/3
  1462 | D:2      | Reached XP level 3. HP: 14/20 MP: 4/4
  1720 | D:2      | Found a faded altar of an unknown god.
  1790 | D:2      | Reached ** piety under Trog
  1940 | D:2      | HP: 1/20 [orc priest/nerve-wracking pain (5)]
  1953 | D:2      | Killed from afar by an orc priest

Illustrated notes

Levels and vault maps discovered:
D:1:      psy_arrival_radial02, layout_basic, hangedman_decor_diamond_cutter,
          minivault_26
D:2:      layout_loops_cross, shapermc_ecumenical_altar_ellora, basic_altar,
          serial_aquarium, aquarium_bridge_straight [aquarium_subvault_bridge,
          aquarium_subvault_window, aquarium_subvault_bridge,
          aquarium_subvault_wall], aquarium_bridge_square
          [aquarium_subvault_window, aquarium_subvault_wall,
          aquarium_subvault_wall, aquarium_subvault_bridge], aquarium_window_1,
          aquarium_window_corridor_3, aquarium_window_fake,
          aquarium_window_corner, aquarium_view_2d, aquarium_view_2f,
          aquarium_balcony_1b, nrook_campfire

Skill      XL: |  1  2 |
---------------+-------+-----
Fighting       | 3 |  3.1
Short Blades   | 3 |  3.1
Armour         | 2 |  2.1
Dodging        | 2 |  2.1

Action                   || total
-------------------------++-------
Melee: Short sword       ||   117
       Bite              ||    23
       Punch             ||     2
Armor: Animal skin       ||     2
       Chain mail        ||    31
       Ring mail         ||     6
       Leather armour    ||     4
Dodge: Dodged            ||    51

Table legend: (Time is in decaauts)
 A = Elapsed time spent in this place.
 B = Non-inter-level travel time spent in this place.
 C = Inter-level travel time spent in this place.
 D = Time resting spent in this place.
 E = Time spent auto-exploring this place.
 F = Levels seen in this place.
 G = Mean time per level.
                   A        B        C        D        E       F      G
               +--------+--------+--------+--------+--------+-----+--------+
         Total |   1947 |   1833 |    114 |      2 |   1536 |   2 |  973.5 |
       Dungeon |   1947 |   1833 |    114 |      2 |   1536 |   2 |  973.5 |
               +--------+--------+--------+--------+--------+-----+--------+

Top non-repeatable levels by time:
     D:1: 1404 daAuts
     D:2: 542 daAuts
